 Dungeon Crawl Stone Soup version 0.26.0-16-gc1dbca0489 (webtiles) character file.

Game seed: 14985175801954958666

872 ragingrage the Spear-Bearer (level 8, -2/46 HPs)
             Began as a Gargoyle Delver on Jan 22, 2021.
             Slain by an orc warrior
             ... wielding a +0 mace
              (7 damage)
             ... on level 5 of the Dungeon.
             The game lasted 00:05:18 (6043 turns).

ragingrage the Spear-Bearer (Gargoyle Delver)       Turns: 6043, Time: 00:05:19

Health: -2/46      AC: 15    Str: 18    XL:     8   Next: 4%
Magic:  8/8        EV:  7    Int: 11    God:
Gold:   281        SH:  0    Dex: 11    Spells: 7/7 levels left

rFire    . . .     SeeInvis .   z - +1 spear (flame)
rCold    . . .     Faith    .   (no shield)
rNeg     + . .     Spirit   .   h - +0 chain mail
rPois    ∞         Reflect  .   e - +2 hat
rElec    +         Harm     .   (no cloak)
rCorr    +         Rampage  .   (no gloves)
Will     .....                  (no boots)
Stlth    ..........             (no amulet)
HPRegen  0.15/turn              C - ring of resist corrosion
MPRegen  0.11/turn              (no ring)

@: no status effects
A: negative energy resistance 1, electricity resistance, unbreathing,
petrification resistance, miasma immunity, AC +5
a: no special abilities


You were on level 5 of the Dungeon.
You visited 2 branches of the dungeon, and saw 7 of its levels.

You collected 281 gold pieces.

Inventory:

Hand Weapons
 z - a +1 spear of flaming (weapon)
Missiles
 b - 4 datura-tipped darts (quivered)
Armour
 e - a +2 hat (worn)
 h - a +0 chain mail (worn)
Jewellery
 C - a ring of resist corrosion (left hand)
Wands
 g - a wand of digging (3)
 y - a wand of iceblast (9)
 G - a wand of polymorph (9)
Scrolls
 c - a scroll of fog
 d - a scroll of magic mapping
 i - 3 scrolls of remove curse {unknown}
 n - 4 scrolls of identify {unknown}
 o - 2 scrolls of teleportation {unknown}
 r - 2 scrolls of amnesia {unknown}
 s - 2 scrolls of enchant weapon {unknown}
 u - 3 scrolls of blinking {unknown}
 w - a scroll of random uselessness {unknown}
 B - a scroll of enchant armour {unknown}
 D - a scroll of noise {unknown}
Potions
 a - a potion of berserk rage {unknown}
 f - a potion of haste
 j - 2 potions of curing
 k - a potion of brilliance {unknown}
 m - a potion of flight {unknown}
 p - a potion of invisibility {unknown}
 q - 2 potions of ambrosia {unknown}
 t - a potion of degeneration {unknown}
 v - a potion of heal wounds {unknown}
 x - 3 potions of might {unknown}
 A - a potion of lignification {unknown}
 E - a potion of attraction {unknown}
 F - a potion of resistance {unknown}


   Skills:
 - Level 3.2 Fighting
 * Level 8.3 Polearms
 - Level 1.5 Dodging
 - Level 5.4 Stealth


You had 7 spell levels left.
You didn't know any spells.
Your spell library contained the following spells:

 Spells                   Type           Power        Failure   Level
 Beastly Appendage        Tmut           0%           99%         1
 Magic Dart               Conj           0%           99%         1
 Blink                    Tloc           N/A          100%        2
 Call Imp                 Summ           0%           100%        2
 Slow                     Hex            0%           100%        2
 Wereblood                Tmut           0%           100%        2
 Conjure Flame            Conj/Fire      0%           100%        3
 Mephitic Cloud           Conj/Pois/Air  0%           100%        3
 Spider Form              Tmut/Pois      0%           100%        3
 Ice Form                 Ice/Tmut       0%           100%        4
 Blade Hands              Tmut           0%           100%        5


Dungeon Overview and Level Annotations

Branches:
Dungeon (6/15)             Temple (1/1) D:4

Altars:
Ashenzari
Cheibriados
Dithmenos
Elyvilon
Fedhas
Gozag
Hepliaklqana
Kikubaaqudgha
Makhleb
Nemelex Xobeh
Qazlal
Ru
Sif Muna
Trog
Uskayaw
Vehumet
Xom
Yredelemnul
Zin
The Shining One

Annotations:
D:5 exclusion: downstairs


Innate Abilities, Weirdness & Mutations

You are resistant to torment.
Your stone body is resilient. (AC +5)
You are immune to poison.
You resist negative energy. (rN+)
You are resistant to electric shocks. (rElec)
You can survive without breathing.
You are immune to petrification.
You are immune to miasma.


Message History

Reach: z) +1 spear (flame)
Press: ? - help, Dir - move target, f/p - orc warrior
Aim: an orc warrior, wielding a +0 mace and wearing a +0 plate armour (lightly wounded, blind)
You closely miss the orc warrior.
The orc warrior is lightly wounded.
The orc warrior hits you with a +0 mace.
* * * LOW HITPOINT WARNING * * *
Reach: z) +1 spear (flame)
Press: ? - help, Dir - move target, f/p - orc warrior
Aim: an orc warrior, wielding a +0 mace and wearing a +0 plate armour (lightly wounded, blind)
You hit the orc warrior but do no damage.
The orc warrior is lightly wounded.
The orc warrior is no longer blind.
Reach: z) +1 spear (flame)
Press: ? - help, Dir - move target, f/p - orc warrior
Aim: an orc warrior, wielding a +0 mace and wearing a +0 plate armour (lightly wounded)
You hit the orc warrior. You burn the orc warrior.
The orc warrior is moderately wounded.
The orc warrior hits you with a +0 mace!
You die...

.............#..........(..#.....
.............#.............#.....
.............#.............#.....
.............##'############.....
#####............................
....#............................
....#......................).....
....#............o...............
....#...........@>(....(.........
###'#o...........................
#......#############'##+######'#
#......#........#.....#.........
#......#........#.....'.........
#......#........'.....#.........
#......#...#########.##...######
#......#...###.....#[##...####..
#......#.....#.....#)..)........


You could see an orc warrior.

Vanquished Creatures
  Menkaure (D:4)
  An ogre (D:4)
  A scorpion (D:4)
  A howler monkey (D:5)
  2 hounds
  An orc priest (D:2)
  2 orc wizards
  An iguana (D:4)
  4 worker ants
  A hound skeleton (D:5)
  Robin (D:3)
  4 gnolls (D:3)
  9 adders
  2 shadow imps (D:5)
  A white imp (D:5)
  2 ufetubi
  2 oozes
  3 worms (D:2)
  The ghost of fiver49 the Sneak, a weakling DrDe (D:4)
  2 dart slugs
  7 leopard geckos
  9 orcs
  6 giant cockroaches
  11 goblins
  6 hobgoblins
  7 jackals
  6 kobolds
  2 quokkas
  2 ball pythons
  10 bats
  6 frilled lizards
  A jackal zombie (D:5)
  A leopard gecko skeleton (D:4)
  A quokka skeleton (D:4)
  6 rats
123 creatures vanquished.

Notes
Turn   | Place    | Note
-------+----------+-------------------------------------------
     0 | D:5      | ragingrage the Gargoyle Delver began the quest for the Orb.
     0 | D:5      | Reached XP level 1. HP: 14/14 MP: 1/1
     3 | D:6      | Noticed an ogre
     3 | D:6      | Noticed an orc priest
    78 | D:4      | Noticed an iguana
   120 | D:4      | Killed an iguana
   121 | D:4      | Reached skill level 3 in Polearms
   121 | D:4      | Reached XP level 2. HP: 13/19 MP: 2/2
   121 | D:4      | Reached XP level 3. HP: 16/23 MP: 3/3
   426 | D:4      | Found an opulent altar of Gozag.
   619 | D:3      | Reached XP level 4. HP: 25/28 MP: 4/4
   892 | D:3      | Reached skill level 4 in Polearms
  1058 | D:3      | Noticed Robin
  1121 | D:2      | Reached XP level 5. HP: 30/32 MP: 5/5
  2168 | D:2      | Reached skill level 5 in Polearms
  2274 | D:2      | Found a white marble altar of Elyvilon.
  2282 | D:2      | Found a stormy altar of Qazlal.
  2283 | D:2      | Found a glowing silver altar of Zin.
  2420 | D:2      | Found a glowing golden altar of the Shining One.
  2919 | D:2      | Reached XP level 6. HP: 35/37 MP: 6/6
  2964 | D:3      | Killed Robin
  3096 | D:3      | Found a burning altar of Makhleb.
  3209 | D:3      | Found a shimmering altar of Xom.
  3393 | D:4      | Found a staircase to the Ecumenical Temple.
  3413 | Temple   | Entered the Ecumenical Temple
  3661 | D:4      | Reached skill level 6 in Polearms
  3669 | D:4      | Noticed Menkaure
  3685 | D:4      | Killed Menkaure
  3689 | D:4      | Found a broken altar of Ashenzari.
  3719 | D:4      | Found a large runed translucent door.
  3719 | D:4      | Found a large runed translucent door.
  3719 | D:4      | Noticed fiver49's ghost (weakling DrDe)
  3759 | D:4      | Reached XP level 7. HP: 35/41 MP: 7/7
  3892 | D:4      | Reached skill level 7 in Polearms
  4007 | D:4      | Found a blossoming altar of Fedhas.
  4717 | D:4      | Killed fiver49's ghost
  5249 | D:5      | Reached skill level 8 in Polearms
  5285 | D:5      | Found a shadowy altar of Dithmenos.
  5666 | D:6      | Found a hide-covered altar of Uskayaw.
  5666 | D:6      | Noticed a +0 dagger
  5666 | D:6      | Noticed a +0 dagger
  5674 | D:6      | Reached XP level 8. HP: 45/46 MP: 8/8
  6043 | D:5      | Slain by an orc warrior

Illustrated notes

Levels and vault maps discovered:
D:1:      dpeg_arrival_rhombus, layout_basic, minmay_tripent
D:2:      layout_basic, tso_metal_star, grunt_temple_overflow_open
D:3:      layout_rooms, overflow_temple_1_default, lemuel_round_altar,
          solitary_fountain, skrybe_limestone_x, st_stairs_13, uniq_robin
D:4:      layout_basic, lemuel_round_altar, lemuel_doored_altar,
          kennysheep_little_box, minmay_temple_entry_water_ring,
          ebering_ghost_disaster_area, uniq_menkaure
D:5:      layout_gridville, nicolae_overflow_crystal_walls
D:6:      layout_basic, okawaru_metal_pillars_1_2, dancing_weapons_uskayaw,
          overflow_temple_1_default
Temple:   compressed_dpeg_triangle_lava_temple

Skill      XL: |  1  2  3  4  5  6  7 |
---------------+----------------------+-----
Polearms       | 3 4 5 6 8 |  8.3
Fighting       | |  3.2
Dodging        | |  1.5
Stealth        | |  5.4

Action                   |  1- 3 |  4- 6 |  7- 9 || total
-------------------------+-------+-------+-------++-------
Melee: Spear             |    73 |   444 |   171 ||   688
Throw: Dart              |       |       |     5 ||     5
  Use: Scroll            |     1 |       |       ||     1
 Stab: Sleeping          |     1 |       |       ||     1
       Invisible         |       |       |     4 ||     4
Armor: Chain mail        |    40 |   225 |    70 ||   335
Dodge: Dodged            |    25 |   134 |    43 ||   202
